TOP OF THE 1ST |
Buckhead Bowties batting - Pitching for Capital District Red Knights : LHP Myles Wilkerson
|
Pitching: LHP Myles Wilkerson
|
|
Batting: RHB Won-min Yi
|
0-0: Called Strike 0-1: Foul Ball, location: 2F 0-2: Ball 1-2: SINGLE (Flyball, 8LS)
|
Batting: RHB Mike Burns
|
0-0: Grounds into double play, 6-4-3 (Groundball, 6M)
|
Batting: RHB Mesa Altuve
|
0-0: Ball 1-0: Ball 2-0: SINGLE (Groundball, 56D)
|
Batting: RHB Vojtech Farkas
|
0-0: Ball 1-0: 2-RUN HOME RUN (Flyball, 7LD), Distance : 319 ft
|
Batting: RHB Freddy Carea
|
0-0: Called Strike 0-1: Foul Ball, location: 2F 0-2: Ball 1-2: Ball 2-2: Foul Ball, location: 2F 2-2: Fly out, F9 (Flyball, 9LS)
|
Top of the 1st over - 2 runs, 3 hits, 0 errors, 0 left on base; Buckhead 2 - Capital District 0 |
BOTTOM OF THE 1ST |
Capital District Red Knights batting - Pitching for Buckhead Bowties : RHP Martín Aguilar
|
Pitching: RHP Martín Aguilar
|
|
Batting: RHB Robert O'Connor
|
0-0: Ball 1-0: Swinging Strike 1-1: Ball 2-1: Foul Ball, location: 2F 2-2: Ball 3-2: Strikes out swinging
|
Batting: RHB Mario Álvarez
|
0-0: Called Strike 0-1: DOUBLE (Flyball, 8RD)
|
Batting: RHB Arnold Giroux
|
0-0: Called Strike 0-1: Called Strike 0-2: Strikes out swinging
|
Batting: RHB Brandon Cole
|
0-0: Called Strike 0-1: Swinging Strike 0-2: Foul Ball, location: 2F 0-2: Ball 1-2: Ball 2-2: Ball 3-2: Foul Ball, location: 2F 3-2: Foul Ball, location: 2F 3-2: Foul Ball, location: 2F 3-2: Base on Balls
|
Batting: RHB Pedro Álvarez
|
0-0: Ball 1-0: Ground out 5-3 (Groundball, 56S)
|
Bottom of the 1st over - 0 runs, 1 hit, 0 errors, 2 left on base; Buckhead 2 - Capital District 0 |
TOP OF THE 2ND |
Buckhead Bowties batting - Pitching for Capital District Red Knights : LHP Myles Wilkerson
|
Batting: RHB Todd Sentell
|
0-0: Called Strike 0-1: Ball 1-1: Foul Ball, location: 2F 1-2: Ball 2-2: SINGLE (Groundball, 56) (infield hit)
|
Batting: RHB Richard Jost
|
0-0: Ball 1-0: Ball 2-0: Called Strike 2-1: Foul Ball, location: 2F 2-2: Ball 3-2: Strikes out swinging
|
Batting: LHB José Valéncia
|
0-0: Ball 1-0: Called Strike 1-1: Ball 2-1: Foul Ball, location: 2F 2-2: Strikes out looking
|
Batting: RHB Phil Baker
|
0-0: Ball 1-0: Called Strike 1-1: Ball 2-1: Ground out 6-3 (Groundball, 6S)
|
Top of the 2nd over - 0 runs, 1 hit, 0 errors, 1 left on base; Buckhead 2 - Capital District 0 |
BOTTOM OF THE 2ND |
Capital District Red Knights batting - Pitching for Buckhead Bowties : RHP Martín Aguilar
|
Batting: RHB Steve Jones
|
0-0: Ball 1-0: Foul Ball, location: 2F 1-1: Ball 2-1: Foul Ball, location: 2F 2-2: Strikes out looking
|
Batting: RHB José Paz
|
0-0: Ball 1-0: Foul Ball, location: 2F 1-1: SINGLE (Line Drive, 89S)
|
Batting: RHB Rubén Campos
|
0-0: Ball 1-0: Called Strike 1-1: Ball 2-1: SINGLE (Groundball, 56D) José Paz to second
|
Batting: RHB Leo Cadden
|
0-0: Ball 1-0: Ball 2-0: Called Strike 2-1: SINGLE (Groundball, 13) (infield hit) José Paz to third Rubén Campos to second
|
Batting: RHB Robert O'Connor
|
0-0: Called Strike 0-1: Ball 1-1: Ball 2-1: Called Strike 2-2: Ball 3-2: Fly out, F7 (Flyball, 7LD) Runner from 3rd tags up, SCORES, throw made
|
Batting: RHB Mario Álvarez
|
0-0: Ball 1-0: Fly out, F4 (Line Drive, 4M)
|
Bottom of the 2nd over - 1 run, 3 hits, 0 errors, 2 left on base; Buckhead 2 - Capital District 1 |
TOP OF THE 3RD |
Buckhead Bowties batting - Pitching for Capital District Red Knights : LHP Myles Wilkerson
|
Batting: RHB Won-min Yi
|
0-0: Fly out, F9 (Flyball, 89S)
|
Batting: RHB Mike Burns
|
0-0: Ball 1-0: SINGLE (Groundball, 6D)
|
Batting: RHB Mesa Altuve
|
0-0: Ball 1-0: Fly out, F9 (Line Drive, 9D)
|
Batting: RHB Vojtech Farkas
|
0-0: Called Strike 0-1: Ball 1-1: Called Strike 1-2: Foul Ball, location: 2F 1-2: Foul Ball, location: 2F 1-2: SINGLE (Line Drive, 4D) Mike Burns to second
|
Batting: RHB Freddy Carea
|
0-0: Ball 1-0: Ball 2-0: Called Strike 2-1: Ball 3-1: Foul Ball, location: 2F 3-2: Fly out, F8 (Flyball, 8LS)
|
Top of the 3rd over - 0 runs, 2 hits, 0 errors, 2 left on base; Buckhead 2 - Capital District 1 |
BOTTOM OF THE 3RD |
Capital District Red Knights batting - Pitching for Buckhead Bowties : RHP Martín Aguilar
|
Batting: RHB Arnold Giroux
|
0-0: Ground out 4-3 (Groundball, 4)
|
Batting: RHB Brandon Cole
|
0-0: Ball 1-0: Foul Ball, location: 2F 1-1: Called Strike 1-2: SINGLE (Groundball, 34D)
|
Batting: RHB Pedro Álvarez
|
0-0: Called Strike 0-1: Foul Ball, location: 2F 0-2: DOUBLE (Line Drive, 8LXD) Brandon Cole to third
|
Batting: RHB Steve Jones
|
0-0: Ball 1-0: Ball 2-0: Foul Ball, location: 2F 2-1: Called Strike 2-2: Strikes out looking
|
Batting: RHB José Paz
|
0-0: Foul Ball, location: 2F 0-1: Ball 1-1: Ball 2-1: Swinging Strike 2-2: Ball 3-2: SINGLE (Line Drive, 6) Brandon Cole scores Pedro Álvarez to third Pedro Álvarez scores
|
Batting: RHB Rubén Campos
|
0-0: Ball 1-0: Ball 2-0: Ball 3-0: Called Strike 3-1: Ground out U3 (Groundball, 34)
|
Bottom of the 3rd over - 2 runs, 3 hits, 0 errors, 1 left on base; Buckhead 2 - Capital District 3 |
TOP OF THE 4TH |
Buckhead Bowties batting - Pitching for Capital District Red Knights : LHP Myles Wilkerson
|
Batting: RHB Todd Sentell
|
0-0: Called Strike 0-1: Ball 1-1: Foul Ball, location: 2F 1-2: Ball 2-2: Ball 3-2: Strikes out looking
|
Batting: RHB Richard Jost
|
0-0: Foul Ball, location: 2F 0-1: Foul Ball, location: 2F 0-2: Ball 1-2: SINGLE (Groundball, 4MD)
|
Batting: LHB José Valéncia
|
0-0: Ball 1-0: Ball 2-0: Called Strike 2-1: Ball 3-1: Called Strike 3-2: Fielders Choice at 2nd, 1-4 (Groundball, 15)
|
Batting: RHB Phil Baker
|
0-0: Ball 1-0: Fly out, F5 (Popup, 56S)
|
Top of the 4th over - 0 runs, 1 hit, 0 errors, 1 left on base; Buckhead 2 - Capital District 3 |
BOTTOM OF THE 4TH |
Capital District Red Knights batting - Pitching for Buckhead Bowties : RHP Martín Aguilar
|
Batting: RHB Leo Cadden
|
0-0: Called Strike 0-1: Ball 1-1: Ball 2-1: Called Strike 2-2: Strikes out swinging
|
Batting: RHB Robert O'Connor
|
0-0: Foul Ball, location: 2F 0-1: Called Strike 0-2: Ball 1-2: Ball 2-2: Foul Ball, location: 2F 2-2: Foul Ball, location: 2F 2-2: Foul Ball, location: 2F 2-2: Fly out, F5 (Line Drive, 5)
|
Batting: RHB Mario Álvarez
|
0-0: Ball 1-0: Swinging Strike 1-1: Ball 2-1: Swinging Strike 2-2: Strikes out swinging
|
Bottom of the 4th over - 0 runs, 0 hits, 0 errors, 0 left on base; Buckhead 2 - Capital District 3 |
TOP OF THE 5TH |
Buckhead Bowties batting - Pitching for Capital District Red Knights : LHP Myles Wilkerson
|
Batting: RHB Won-min Yi
|
0-0: SINGLE (Groundball, 3S) (infield hit)
|
Batting: RHB Mike Burns
|
0-0: Ball 1-0: Fly out, F7 (Flyball, 7)
|
Batting: RHB Mesa Altuve
|
0-0: Ball 1-0: Called Strike 1-1: Ball 2-1: Called Strike Won-min Yi steals 2nd base 2-2: Fly out, F8 (Flyball, 89D) Runner from 2nd tags up, SAFE at 3rd, no throw
|
Batting: RHB Vojtech Farkas
|
0-0: Swinging Strike 0-1: Ground out 6-3 (Groundball, 6)
|
Top of the 5th over - 0 runs, 1 hit, 0 errors, 1 left on base; Buckhead 2 - Capital District 3 |
BOTTOM OF THE 5TH |
Capital District Red Knights batting - Pitching for Buckhead Bowties : RHP Martín Aguilar
|
Batting: RHB Arnold Giroux
|
0-0: Ground out 6-3 (Groundball, 6)
|
Batting: RHB Brandon Cole
|
0-0: Ball 1-0: Foul Ball, location: 2F 1-1: Ball 2-1: Foul Ball, location: 2F 2-2: Foul Ball, location: 2F 2-2: Ground out 6-3 (Groundball, 6)
|
Batting: RHB Pedro Álvarez
|
0-0: Ball 1-0: Foul Ball, location: 2F 1-1: Ball 2-1: Called Strike 2-2: Ball 3-2: Base on Balls
|
Batting: RHB Steve Jones
|
0-0: Ball 1-0: Fly out, F5 (Line Drive, 56)
|
Bottom of the 5th over - 0 runs, 0 hits, 0 errors, 1 left on base; Buckhead 2 - Capital District 3 |
TOP OF THE 6TH |
Buckhead Bowties batting - Pitching for Capital District Red Knights : LHP Myles Wilkerson
|
Batting: RHB Freddy Carea
|
0-0: Ball 1-0: Called Strike 1-1: Ground out 6-3 (Groundball, 6M)
|
Batting: RHB Todd Sentell
|
0-0: Called Strike 0-1: Ball 1-1: Ball 2-1: Swinging Strike 2-2: Strikes out swinging
|
Batting: RHB Richard Jost
|
0-0: Ball 1-0: Called Strike 1-1: Ball 2-1: SOLO HOME RUN (Flyball, 7LD), Distance : 343 ft
|
Batting: LHB José Valéncia
|
0-0: Ball 1-0: Ball 2-0: Fly out, F9 (Flyball, 9LSF)
|
Top of the 6th over - 1 run, 1 hit, 0 errors, 0 left on base; Buckhead 3 - Capital District 3 |
BOTTOM OF THE 6TH |
Capital District Red Knights batting - Pitching for Buckhead Bowties : RHP Martín Aguilar
|
Batting: RHB José Paz
|
0-0: Ball 1-0: Ball 2-0: Called Strike 2-1: Foul Ball, location: 2F 2-2: SINGLE (Line Drive, 89M)
|
Pitching: RHP Tomás Vargas
|
|
Batting: RHB Rubén Campos
|
0-0: Ball 1-0: Foul Ball, location: 2F 1-1: Ball 2-1: Foul Ball, location: 2F 2-2: SINGLE (Line Drive, 4) José Paz to second
|
Batting: RHB Leo Cadden
|
0-0: Foul Ball, location: 2F 0-1: Ball 1-1: Reached on error, E4 (Groundball, 4S) José Paz to third Rubén Campos to second
|
Batting: RHB Robert O'Connor
|
0-0: Ball 1-0: Called Strike 1-1: Called Strike 1-2: Foul Ball, location: 2F 1-2: Ball 2-2: Strikes out swinging
|
Batting: RHB Mario Álvarez
|
0-0: Called Strike 0-1: Ball 1-1: Ball 2-1: Ball 3-1: Base on Balls José Paz scores Rubén Campos to third Leo Cadden to second
|
Batting: RHB Arnold Giroux
|
0-0: Ball 1-0: Grounds into fielders choice 5-2 (Groundball, 56) Leo Cadden to third Mario Álvarez to second
|
Batting: RHB Brandon Cole
|
0-0: Called Strike 0-1: Ball 1-1: Ball 2-1: Called Strike 2-2: Ball 3-2: Foul Ball, location: 2F 3-2: Base on Balls Leo Cadden scores Mario Álvarez to third Arnold Giroux to second
|
Batting: RHB Pedro Álvarez
|
0-0: Ball 1-0: Foul Ball, location: 2F 1-1: Ball 2-1: Ball 3-1: Fly out, F9 (Flyball, 89M)
|
Bottom of the 6th over - 2 runs, 2 hits, 1 error, 3 left on base; Buckhead 3 - Capital District 5 |
TOP OF THE 7TH |
Buckhead Bowties batting - Pitching for Capital District Red Knights : LHP Myles Wilkerson
|
Batting: RHB Phil Baker
|
0-0: Ball 1-0: Ball 2-0: Ball 3-0: Called Strike 3-1: Base on Balls
|
Pitching: RHP Bob Roth
|
|
Batting: RHB Won-min Yi
|
0-0: Swinging Strike 0-1: Ground out 4-3 (Groundball, 4S) Phil Baker to second
|
Batting: RHB Mike Burns
|
0-0: SINGLE (Groundball, 6MD) Phil Baker to third Runner from 3rd tries for Home, SAFE, no throw
|
Pinch Hitting: RHB Raúl Ruíz
|
0-0: Ball 1-0: Ball 2-0: Ball 3-0: Called Strike 3-1: Swinging Strike 3-2: Reached on error, E5 (Groundball, 56S) Mike Burns to second
|
Batting: RHB Vojtech Farkas
|
0-0: Ball 1-0: Called Strike 1-1: Ball Mike Burns steals 3rd base Raúl Ruíz to second 2-1: Foul Ball, location: 2F 2-2: Ball 3-2: Ground out 4-3 (Groundball, 34)
|
Batting: RHB Freddy Carea
|
0-0: Called Strike 0-1: Called Strike 0-2: Foul Ball, location: 2F 0-2: Strikes out swinging
|
Top of the 7th over - 1 run, 1 hit, 1 error, 2 left on base; Buckhead 4 - Capital District 5 |
BOTTOM OF THE 7TH |
Capital District Red Knights batting - Pitching for Buckhead Bowties : RHP Tomás Vargas
|
Now at 3B: Ricardo Cardenas
|
|
Batting: RHB Steve Jones
|
0-0: Foul Ball, location: 2F 0-1: Swinging Strike 0-2: Strikes out looking
|
Batting: RHB José Paz
|
0-0: Called Strike 0-1: Ball 1-1: Swinging Strike 1-2: SINGLE (Line Drive, 3)
|
Batting: RHB Rubén Campos
|
0-0: Ball 1-0: Reached on error, E4 (Groundball, 4) José Paz to second
|
Pinch Hitting: LHB Francisco Sánchez
|
0-0: Swinging Strike 0-1: Fly out, F9 (Line Drive, 89M)
|
Batting: RHB Robert O'Connor
|
0-0: Ball 1-0: Called Strike 1-1: Ball 2-1: Swinging Strike 2-2: SINGLE (Line Drive, 78S) José Paz to third Rubén Campos to second Runner from 3rd tries for Home, SAFE, throw made home
|
Batting: RHB Mario Álvarez
|
0-0: Foul Ball, location: 2F 0-1: SINGLE (Groundball, 6MD) Rubén Campos to third Robert O'Connor to second Runner from 3rd tries for Home, SAFE, no throw
|
Pitching: RHP Ron Manning
|
|
Batting: RHB Arnold Giroux
|
0-0: Fly out, F9 (Flyball, 89XD)
|
Bottom of the 7th over - 2 runs, 3 hits, 1 error, 2 left on base; Buckhead 4 - Capital District 7 |
TOP OF THE 8TH |
Buckhead Bowties batting - Pitching for Capital District Red Knights : RHP Bob Roth
|
Now in CF: Arturo Hernández
|
|
Batting: RHB Todd Sentell
|
0-0: Ball 1-0: Fly out, F6 (Line Drive, 6)
|
Batting: RHB Richard Jost
|
0-0: Ball 1-0: Foul Ball, location: 2F 1-1: Ball 2-1: Fly out, F9 (Flyball, 9S)
|
Batting: LHB José Valéncia
|
0-0: DOUBLE (Line Drive, 9LM)
|
Batting: RHB Phil Baker
|
0-0: Called Strike 0-1: Called Strike 0-2: Ball 1-2: Ball 2-2: Ball 3-2: Base on Balls
|
Batting: RHB Won-min Yi
|
0-0: TRIPLE (Flyball, 78XD) José Valéncia scores Phil Baker scores
|
Batting: RHB Mike Burns
|
0-0: Ball 1-0: Swinging Strike 1-1: Foul Ball, location: 2F 1-2: Ball 2-2: Foul Ball, location: 2F 2-2: Ball 3-2: SINGLE (Flyball, 8RS) Won-min Yi scores
|
Batting: RHB Ricardo Cardenas
|
0-0: Ball 1-0: Foul Ball, location: 2F 1-1: Called Strike 1-2: Strikes out swinging
|
Top of the 8th over - 3 runs, 3 hits, 0 errors, 1 left on base; Buckhead 7 - Capital District 7 |
BOTTOM OF THE 8TH |
Capital District Red Knights batting - Pitching for Buckhead Bowties : RHP Ron Manning
|
Batting: RHB Brandon Cole
|
0-0: Ball 1-0: Called Strike 1-1: Ball 2-1: Reached on error, E9 (Flyball, 89M)
|
Batting: RHB Pedro Álvarez
|
0-0: Foul Ball, location: 2F 0-1: Ball 1-1: Ball 2-1: Ball 3-1: Base on Balls Brandon Cole to second
|
Pinch Runner at 2nd Danilo Mosca:
|
|
Batting: RHB Steve Jones
|
0-0: Ball 1-0: Bunted foul 1-1: Bunted foul 1-2: Ball 2-2: Strikes out swinging
|
Batting: RHB José Paz
|
0-0: Ball 1-0: Ball 2-0: Ball 3-0: Base on Balls Danilo Mosca to third Pedro Álvarez to second
|
Batting: RHB Rubén Campos
|
0-0: Ball 1-0: Foul Ball, location: 2F 1-1: Swinging Strike 1-2: Foul Ball, location: 2F 1-2: Foul Ball, location: 2F 1-2: Ball 2-2: Foul Ball, location: 2F 2-2: Strikes out swinging
|
Pitching: RHP Kyle Buckman
|
|
Batting: LHB Arturo Hernández
|
0-0: Ball 1-0: Called Strike 1-1: Foul Ball, location: 2F 1-2: Ground out 4-3 (Groundball, 4)
|
Bottom of the 8th over - 0 runs, 0 hits, 1 error, 3 left on base; Buckhead 7 - Capital District 7 |
TOP OF THE 9TH |
Buckhead Bowties batting - Pitching for Capital District Red Knights : RHP Bob Roth
|
Batting: RHB Vojtech Farkas
|
0-0: Swinging Strike 0-1: Ball 1-1: Ball 2-1: Foul Ball, location: 2F 2-2: Strikes out swinging
|
Batting: RHB Freddy Carea
|
0-0: Ball 1-0: Fly out, F7 (Flyball, 78M)
|
Batting: RHB Todd Sentell
|
0-0: Ball 1-0: Ball 2-0: Fly out, F8 (Flyball, 89D)
|
Top of the 9th over - 0 runs, 0 hits, 0 errors, 0 left on base; Buckhead 7 - Capital District 7 |
BOTTOM OF THE 9TH |
Capital District Red Knights batting - Pitching for Buckhead Bowties : RHP Kyle Buckman
|
Batting: RHB Robert O'Connor
|
0-0: Ball 1-0: Foul Ball, location: 2F 1-1: Ball 2-1: Ground out 6-3 (Groundball, 6)
|
Batting: RHB Mario Álvarez
|
0-0: Ball 1-0: Ball 2-0: Called Strike 2-1: Foul Ball, location: 2F 2-2: SINGLE (Line Drive, 89S)
|
Batting: RHB Arnold Giroux
|
0-0: Ball 1-0: Ball Mario Álvarez steals 2nd base 2-0: Called Strike 2-1: Called Strike 2-2: Foul Ball, location: 2F 2-2: Ball 3-2: Foul Ball, location: 2F 3-2: SINGLE (Groundball, 6MD) Mario Álvarez to third Runner from 3rd tries for Home, SAFE, no throw
|
Tuesday, December 19th, 2017 - OOTP Baseball 18.8 Build 76
|
|